 Dungeon Crawl Stone Soup version 0.14-a0-2061-g6c6fb9c (webtiles) character file.

487 Herrn the Skirmisher (level 5, -4/44 HPs)
             Began as a Djinni Fighter on Jan 21, 2014.
             Killed by divine providence
             ... invoked by an orc priest
              (14 damage)
             ... on Level 4 of the Dungeon.
             The game lasted 00:15:58 (3336 turns).

Herrn the Skirmisher (Djinni Fighter)               Turns: 3336, Time: 00:15:59

HP  -4/44        AC 11     Str 17      XL: 5   Next: 95%
MP   0/0         EV  1     Int  8      God:
Gold 228         SH 18     Dex 13      Spells:  0 memorised,  4 levels left

rFire  + + +     SeeInvis +     p - +2 flail
rCold  . . .     Clarity  .     s - +0 plate armour
rNeg   + + +     Conserve .     c - +0 shield
rPois  .         rCorr    .     (no helmet)
rElec  .         rRot     .     (no cloak)
SustAb . .       Spirit   .     (no gloves)
rMut   .         Warding  .     (boots unavailable)
Saprov . . .     Stasis   .     (no amulet)
MR     .....                    A - ring of see invisible {unknown}
                                e - ring of ice

@: flying, not resistant to hostile enchantments, extremely unstealthy
A: fire immunity, cold vulnerability, life protection 3
a: no special abilities


You were on level 4 of the Dungeon.
You were not hungry.

You visited 1 branch of the dungeon, and saw 4 of its levels.

You collected 228 gold pieces.

Inventory:

Hand weapons
 a - a +0,+0 mace
 p - a +2,+2 flail (weapon)
 y - a +0,+0 flail
 z - the +3,+5 scythe "Finisher" {speed, Str+3}
   (You found it on level 4 of the Dungeon)

   Attacks with this weapon are significantly faster, but cause slightly less
   damage.
   It affects your strength (+3).
Armour
 c - a +0 shield (worn)
 s - a +0 plate armour (worn)
Scrolls
 b - a scroll of magic mapping
 f - 2 scrolls of fog
 h - a scroll of curse jewellery {unknown}
 i - a scroll of enchant weapon II {unknown}
 j - 4 scrolls of identify {unknown}
 k - a scroll of amnesia {unknown}
 l - a scroll of curse weapon {unknown}
 m - a scroll of teleportation
 n - a scroll of recharging {unknown}
 o - 2 scrolls of blinking
 q - a scroll of immolation {unknown}
 r - a scroll of enchant armour {unknown}
 u - 2 scrolls of noise {unknown}
 v - 2 scrolls of remove curse
Jewellery
 e - a ring of ice (left hand)
 A - a ring of see invisible (right hand) {unknown}
Potions
 d - 2 potions of heal wounds {unknown}
 g - 6 potions of curing
 t - a potion of agility {unknown}
 w - a potion of berserk rage {unknown}
 x - a potion of magic {unknown}


   Skills:
 * Level 5.2 Fighting
 + Level 3.9 Maces & Flails
 - Level 3.2 Armour
 - Level 3.0 Shields


You had 4 spell levels left.
You didn't know any spells.

Dungeon Overview and Level Annotations

Branches:
Dungeon (4/16)
 Temple: D:4-7

Altars:
Cheibriados
Kikubaaqudgha
Sif Muna
Zin


Innate Abilities, Weirdness & Mutations

You are immune to all types of fire, even holy and hellish.
You are vulnerable to cold.
You need no food.
You have no legs.
You are immune to negative energy.


Message History

The orc priest mumbles some strange prayers to Beogh against you.
Pain shoots through your body!
You closely miss the orc priest.
The orc priest is lightly wounded.
The orc priest invokes the aid of Beogh against you.
Something smites you!
You hit the orc priest.
The orc priest is moderately wounded.
The orc priest calls down the wrath of Beogh upon you.
Pain shoots through your body!
You hit the orc priest.
The orc priest is heavily wounded.
The orc priest invokes the aid of Beogh against you.
Something smites you!
* * * LOW HITPOINT WARNING * * *
The orc priest hits you but does no damage.
You feel better.
The orc priest invokes the aid of Beogh against you.
Something smites you!
You die...

... #......#
.#......#
.........#
..........#
..........####
.......>.....
........o..#
........@..#
....[###.########
.......))........
#########%########
.
#...........%....#
..
#................#
...
#................#
...
#..........#######
... #..........#
....


You could see an orc priest.

Vanquished Creatures
  Sigmund (D:2)
  A hound (D:4)
  Terence (D:2)
  3 adders
  3 gnolls (D:3)
  An adder skeleton (D:2)
  A giant eyeball (D:4)
  4 giant geckos
  An ooze (D:2)
  3 orcs (D:4)
  11 bats
  2 bat zombies (D:2)
  2 giant cockroaches
  5 hobgoblins
  7 jackals
  10 kobolds
  A quokka (D:4)
  3 ball pythons
  A giant gecko zombie (D:2)
  2 giant newts (D:1)
  7 goblins
  A goblin skeleton (D:2)
  A hobgoblin skeleton (D:4)
  A kobold skeleton (D:2)
  An orc skeleton (D:4)
  8 rats
  2 rat zombies (D:2)
84 creatures vanquished.

Notes
Turn   | Place    | Note
--------------------------------------------------------------
     0 | D:1      | Herrn, the Djinni Fighter, began the quest for the Orb.
     0 | D:1      | Reached XP level 1. HP: 16/16 MP: 0/0
    79 | D:1      | Reached XP level 2. EP: 23/23
   613 | D:1      | Reached XP level 3. EP: 28/30
  1007 | D:2      | Noticed Sigmund
  1048 | D:2      | Killed Sigmund
  1048 | D:2      | Reached skill level 4 in Fighting
  1048 | D:2      | Reached XP level 4. EP: 20/38
  1363 | D:2      | Noticed Terence
  1372 | D:2      | Reached XP level 5. EP: 43/43
  1385 | D:2      | Killed Terence
  1771 | D:3      | Reached skill level 5 in Fighting
  2784 | D:4      | Found a snail-covered altar of Cheibriados.
  2784 | D:4      | Found a glowing silver altar of Zin.
  2788 | D:4      | Found a deep blue altar of Sif Muna.
  2790 | D:4      | Found an ancient bone altar of Kikubaaqudgha.
  3309 | D:4      | Paralysed by a giant eyeball for 3 turns
  3313 | D:4      | Paralysed by a giant eyeball for 3 turns
  3336 | D:4      | Killed from afar by an orc priest

Action                   |  1- 3 |  4- 6 || total
-------------------------+-------+-------++-------
Melee: Mace              |   144 |    68 ||   212
       Flail             |       |    87 ||    87
  Use: Potion            |     2 |     1 ||     3
       Scroll            |       |     6 ||     6
